Unix NetHack Version 3.7.0-58 Work-in-progress - last build May 9 2022 11:58:29 (68cf6e19034123fb635188453c0de67a0aba65fd,branch:master). Game began 2022-05-12 22:03:10, ended 2022-05-12 22:20:52. DarkLightDragon, neutral female human Tourist --.--- |....-- |......| -...|.-- --.|.|.... --..| .-).. |..- ..hf. |.- --.@.# |.| -..G. -----.| ... |.....| |.<.--- --.-- --- DarkLightDragon the Rambler St:9 Dx:9 Co:18 In:15 Wi:6 Ch:18 Neutral S:247 Dlvl:4 $:47 HP:0(15) Pw:2(2) AC:10 Xp:1/13 T:955 Latest messages: You swap places with Pudding. Pudding bites the gnome lord. The gnome lord misses Pudding. You hear some noises. It bites the gnome lord. The gnome lord is killed! r - 5 darts. You see here a gray stone. You swap places with Pudding. In what direction? 4 You swap places with Pudding. You see here a gray stone. u - a gray stone. What do you want to call? [i-kpqs-u or ?*] u Call a gray stone: notload1 You hear crashing rock. You swap places with Pudding. You hear some noises. You hear some noises in the distance. You hear some noises. In what direction? 8 The dart hits the dwarf. In what direction? 8 The dart hits the dwarf. In what direction? 8 The dart misses the dwarf. In what direction? 8 The dart hits the dwarf. In what direction? 8 The dart misses the dwarf. The dwarf swings his pick-axe. The dwarf hits! Are you sure you want to pray? [yn] (n) y You begin praying to The Lady. You are surrounded by a shimmering light. The gnome wields a thonged club! The dwarf starts to attack you, but pulls back. You finish your prayer. You feel that The Lady is pleased. You feel much better. What do you want to name? [a-u or ?*] ? What do you want to name this Hawaiian shirt? p955 In what direction? 8 The dart misses the dwarf. The gnome swings his thonged club. The gnome hits! The dwarf swings his pick-axe. The dwarf hits! You die... Do you want your possessions identified? [ynq] (y) q Major events: Turn 1: DarkLightDragon the neutral female human Tourist entered the dungeon 890: entered the Gnomish Mines 955: killed by a dwarf Inventory: Coins $ - 47 gold pieces Weapons a - 29 +2 darts (at the ready) r - 18 +0 darts Armor l - an uncursed +0 Hawaiian shirt with a toucan motif named p955 (being worn) Comestibles c - an uncursed blueberry e - an uncursed apple o - 2 uncursed eucalyptus leaves d - 6 uncursed food rations h - an uncursed lembas wafer b - an uncursed pancake g - an uncursed tin of sauteed newt meat f - an uncursed egg Scrolls q - an uncursed scroll of light k - a blessed scroll of magic mapping j - 3 uncursed scrolls of magic mapping Potions i - an uncursed potion of extra healing s - an uncursed potion of paralysis Wands p - a wand of teleportation (0:5) Tools n - an uncursed credit card m - an expensive camera (0:48) t - an uncursed mirror Gems/Stones u - an uncursed touchstone DarkLightDragon the Tourist's attributes: Background: You were a Rambler, a level 1 female human Tourist. You were neutral, on a mission for The Lady who was opposed by Blind Io (lawful) and Offler (chaotic). You were in the Gnomish Mines, on level 4. You entered the dungeon 955 turns ago. It was nighttime. You had 13 experience points, 7 more were needed to attain level 2. Your score was 247 before end-of-game adjustments. Basics: You had 0 out of 15 hit points. You had both energy points (spell power). Your armor class was 10. Your wallet contained 47 zorkmids. Autopickup was off. Final Characteristics: Your strength was 9 (limit:18/100). Your dexterity was 9 (limit:18). Your constitution was 18 (limit:18). Your intelligence was 15 (limit:18). Your wisdom was 6 (limit:18). Your charisma was 18 (limit:18). Final Status: You were not hungry. You were unencumbered. You were bare handed. You were unskilled in bare handed combat. Final Attributes: You were stridently aligned. You are dead. Miscellaneous: You never encountered a bones level. Total elapsed playing time was 17 minutes and 41 seconds. Vanquished creatures: a gnome leader a gnome 4 jackals a fox a kobold a goblin 2 grid bugs a lichen a kobold zombie 3 newts 16 creatures vanquished. No species were genocided or became extinct. Voluntary challenges: You never hit with a wielded weapon. You were illiterate. You never engraved Elbereth. You never genocided any monsters. You never polymorphed an object. You never changed form. You used no wishes. Achievement: You entered the Gnomish Mines. The Dungeons of Doom: levels 1 to 4 Level 1: Level 2: Level 3: A fountain. Stairs down to The Gnomish Mines. Level 4: The Gnomish Mines: Level 4: <- You were here. Final resting place for you, killed by a dwarf. Game over: ---------- / \ / REST \ / IN \ / PEACE \ / \ | DarkLightDragon | | 47 Au | | killed by a | | dwarf | | | | | | 2022 | *| * * * | * _________)/\\_//(\/(/\)/\//\/|_)_______ Aloha DarkLightDragon the Tourist... You died in The Gnomish Mines on dungeon level 4 with 243 points, and 47 pieces of gold, after 955 moves. You were level 1 with a maximum of 15 hit points when you died.